 Dungeon Crawl Stone Soup version 0.29.0-4-gdea44cf6ec (webtiles) character file.

Game seed: 14645423310063975870

119 qw the Sneak (level 5, -5/32 HPs)
             Began as a Gargoyle Delver on Sept 10, 2022.
             Slain by Duvessa
             ... wielding a +0 short sword
              (6 damage)
             ... on level 4 of the Dungeon.
             The game lasted 00:00:29 (1539 turns).

qw the Sneak (Gargoyle Delver)                      Turns: 1539, Time: 00:00:30

Health: -5/32      AC:  8    Str: 17    XL:     5   Next: 3%
Magic:  5/5        EV: 11    Int: 11    God:
Gold:   36         SH:  0    Dex: 11    Spells: 4/4 levels left

rFire   . . .      SeeInvis .   a - +0 hand axe
rCold   . . .      Faith    .   (no shield)
rNeg    + . .      Spirit   .   b - +0 leather armour
rPois   inf        Reflect  .   (no helmet)
rElec   +          Harm     .   (no cloak)
rCorr   .          Rampage  .   h - +0 pair of gloves
Will    .....                   (no boots)
Stlth   +++.......              (no amulet)
HPRegen 0.10/turn               (no ring)
MPRegen 0.09/turn               (no ring)

@: no status effects
A: sickness immunity, AC +4, negative energy resistance 1, electricity
resistance, torment resistance 1, petrification resistance
a: no special abilities


You were on level 4 of the Dungeon.
You visited 1 branch of the dungeon, and saw 2 of its levels.

You collected 36 gold pieces.


Innate Abilities, Weirdness & Mutations

You are immune to sickness and miasma.
Your stone body is resilient. (AC +4)
You are immune to poison.
You resist negative energy. (rN+)
You are resistant to electric shocks. (rElec)
You are resistant to unholy torment.
You are immune to petrification.


   Skills:
 - Level 3.2 Fighting
 + Level 4.5 Axes
 - Level 1.5 Dodging
 - Level 5.4 Stealth


You had 4 spell levels left.
You didn't know any spells.
Your spell library was empty.

Inventory:

Hand Weapons
 a - a +0 hand axe (weapon)
Armour
 b - a +0 leather armour (worn)
 h - a +0 pair of gloves (worn)
Wands
 g - a wand of digging (3)
Scrolls
 d - a scroll of identify {unknown}
 e - a scroll of teleportation {unknown}
Potions
 c - a potion of lignification {unknown}
 f - 2 potions of haste
 i - a potion of curing {unknown}

Dungeon Overview and Level Annotations

Branches:
Dungeon (5/15)
 Temple: D:4-7

Altars:

Annotations:
D:4 Dowan, Duvessa


Message History

You hit the endoplasm. You hit Dowan. Dowan hits you with a +0 dagger.
The endoplasm hits you but does no damage.
Duvessa hits you but does no damage.
You hit the endoplasm.
The endoplasm is almost dead.
You hit Dowan but do no damage. You closely miss Duvessa.
Dowan smirks and points a slender finger.
Dowan barely misses you. Duvessa closely misses you. The endoplasm hits you.
You slash the endoplasm!
You kill the endoplasm!
You barely miss Dowan. You hit Duvessa but do no damage.
Dowan hits you but does no damage. Duvessa hits you but does no damage.
You hit Duvessa.
Duvessa is lightly wounded.
You hit Dowan. Dowan hits you with a +0 dagger.
Duvessa hits you but does no damage.
You hit Dowan.
Dowan is moderately wounded.
You hit Duvessa.
Dowan points at you and mumbles some strange words.
The puff of flame misses you. Duvessa barely misses you.
You barely miss Dowan.
Dowan is moderately wounded.
You hit Duvessa. Dowan hits you but does no damage.
Duvessa hits you with a +0 short sword.
You hit Duvessa but do no damage.
Duvessa is moderately wounded.
You closely miss Dowan. Dowan hits you but does no damage.
Duvessa hits you with a +0 short sword.
You completely miss Duvessa.
Duvessa is moderately wounded.
You barely miss Dowan.
Dowan points at you and mumbles some strange words.
The puff of flame misses you. Duvessa hits you but does no damage.
You barely miss Duvessa.
Duvessa is moderately wounded.
You barely miss Dowan. Duvessa hits you with a +0 short sword.
You die...

... .......... #..
..##.....
##..########.#######...##
#.........#.......##...##
#....J....#........'..<.'
#.... #..##+#######....#
###....##..##.###..##'####
..............#....##..###
........e@....#........#..
#
###..?###e##..###..##..#..
#.### #e..
##.##..###..##..#.. .....
.... #..#.........+..#..
..... .....
#..#........##..##+ ....#
###< #######.##..##..##.
###.# #. #.##..##..... #
#.. . ............. #.. .
#......##..##.


You could see Duvessa and Dowan.

Vanquished Creatures
  A scorpion (D:4)
  A hound (D:4)
  2 adders (D:4)
  A worm (D:4)
  3 endoplasms (D:4)
  A giant cockroach (D:4)
  A goblin (D:4)
  A quokka (D:4)
  2 ball pythons (D:4)
  A kobold (D:4)
14 creatures vanquished.

Notes
Turn   | Place    | Note
-------+----------+-------------------------------------------
     0 | D:5      | qw the Gargoyle Delver began the quest for the Orb.
     0 | D:5      | Reached XP level 1. HP: 14/14 MP: 1/1
     0 | D:5      | 0 ||| qw: Version: 0.1-a-117-gfe26ee0
     0 | D:5      | 0 ||| qw: Game counter: 9724
     0 | D:5      | 0 ||| qw: Always use a shield: true
     0 | D:5      | 0 ||| qw: God list: Okawaru
     0 | D:5      | 0 ||| qw: Allow faded altars: false
     0 | D:5      | 0 ||| qw: Do Orc after D:15 true
     0 | D:5      | 0 ||| qw: Do second Lair branch before Depths: true
     0 | D:5      | 0 ||| qw: Lair rune preference: random
     0 | D:5      | 0 ||| qw: Plans: Normal
     0 | D:5      | 0 ||| PLANNING D:1-11
     4 | D:5      | 4 ||| DROPPING scroll of fog.
     5 | D:5      | 5 ||| DROPPING scroll of magic mapping.
     6 | D:5      | 6 ||| DROPPING scroll of fear.
    22 | D:4      | Reached XP level 2. HP: 16/19 MP: 2/2
    81 | D:4      | HP: 4/19 [hound (3)]
    86 | D:4      | Reached skill level 3 in Axes
    86 | D:4      | Reached XP level 3. HP: 6/23 MP: 3/3
   178 | D:4      | 178 ||| Stepping ~*~*~tactically~*~*~ (stealth).
   179 | D:4      | 179 ||| Stepping ~*~*~tactically~*~*~ (stealth).
   981 | D:4      | Reached XP level 4. HP: 17/28 MP: 4/4
  1132 | D:4      | Noticed a scorpion
  1152 | D:4      | HP: 6/28 [scorpion (6)]
  1158 | D:4      | Killed a scorpion
  1159 | D:4      | Reached XP level 5. HP: 4/32 MP: 5/5
  1516 | D:4      | Noticed Duvessa
  1517 | D:4      | Noticed Dowan
  1518 | D:4      | 1518 ||| Stepping ~*~*~tactically~*~*~ (stealth).
  1519 | D:4      | 1519 ||| Stepping ~*~*~tactically~*~*~ (stealth).
  1520 | D:4      | 1520 ||| Stepping ~*~*~tactically~*~*~ (stealth).
  1521 | D:4      | 1521 ||| UPGRADING to +0 pair of gloves.
  1536 | D:4      | HP: 4/32 [Duvessa/+0 short sword (5)]
  1537 | D:4      | HP: 1/32 [Duvessa/+0 short sword (4)]
  1539 | D:4      | Slain by Duvessa

Levels and vault maps discovered:
D:4:      layout_gridville, minivault_25, grunt_tough_drop, uniq_duvessa
D:5:      layout_cave_pods, st_stairs_4

Skill      XL: |  1  2  3  4 |
---------------+-------------+-----
Axes           | 2 3 4 |  4.5
Fighting       | |  3.2
Dodging        | |  1.5
Stealth        | |  5.4

Action                   |  1- 3 |  4- 6 || total
-------------------------+-------+-------++-------
Melee: Hand axe          |    78 |    27 ||   105
 Stab: Sleeping          |     1 |       ||     1
Armor: Leather armour    |    27 |    11 ||    38
Dodge: Dodged            |    39 |    10 ||    49

Table legend:
 A = Non-vault XP
 B = Vault XP
 C = Vault XP percentage of total XP
 D = Non-vault monster count
 E = Vault monster count
 F = Vault count percentage of total count
                 A         B        C        D         E       F
            +---------+---------+-------+---------+---------+-------
      Total |     157 |      13 |   7.6 |      13 |       1 |   7.1
            +---------+---------+-------+---------+---------+-------
        D:4 |     157 |      13 |   7.6 |      13 |       1 |   7.1
            +---------+---------+-------+---------+---------+-------
